 Dungeon Crawl Stone Soup version 0.29-a0-322-g68df515428 (webtiles) character file.

Game seed: 258461506690329543

801 Jortsu the Chopper (level 7, 0/61 HPs)
             Began as a Minotaur Fighter on Apr 9, 2022.
             Was an Initiate of Ashenzari.
             Slain by Prince Ribbit (8 damage)
             ... on level 6 of the Dungeon.
             The game lasted 00:11:58 (5274 turns).

Jortsu the Chopper (Minotaur Fighter)               Turns: 5274, Time: 00:11:58

Health: 0/61       AC: 14    Str: 22    XL:     7   Next: 59%
Magic:  6/6        EV:  6    Int:  5    God:    Ashenzari [......]
Gold:   1538       SH:  6    Dex: 10    Spells: 6/6 levels left

rFire   . . .      SeeInvis +   a - +1 war axe
rCold   . . .      Faith    .   c - +1 buckler
rNeg    . . .      Spirit   .   g - +0 plate armour
rPois   .          Reflect  .   (helmet restricted)
rElec   .          Harm     .   l - +0 cloak
rCorr   .          Rampage  .   (no gloves)
Will    .....                   (no boots)
Stlth   ..........              (no amulet)
HPRegen 0.20/turn               p - ring "Ensconced With Me" {SInv, Elem, Self} (curse)
MPRegen 0.10/turn               (no ring)

@: mighty
A: horns 2, retaliatory headbutt
a: Renounce Religion, Curse Item, Shatter the Chains


You were on level 6 of the Dungeon.
You worshipped Ashenzari.
Ashenzari was noncommittal.
You visited 1 branch of the dungeon, and saw 6 of its levels.

You collected 1561 gold pieces.
You spent 23 gold pieces at shops.

Inventory:

Hand Weapons
 a - a +1 war axe (weapon)
Armour
 c - a +1 buckler (worn)
 g - a +0 plate armour (worn)
 l - a +0 cloak (worn)
Jewellery
 j - an amulet of faith
 p - the cursed ring "Ensconced With Me" (left hand) {SInv, Elem, Self}
   (You found it on level 3 of the Dungeon)

   [ring of see invisible]

   SInv:      It lets you see invisible.
   It has a curse which improves the following skills: Elements: Fire Magic, Ice
   Magic, Air Magic and Earth Magic.
   Introspection: Fighting and Spellcasting.
 x - a ring of willpower
Wands
 o - a wand of iceblast (9)
Scrolls
 i - 2 scrolls of fog
 s - 3 scrolls of teleportation
 w - a scroll of vulnerability
Potions
 b - 2 potions of mutation
 d - a potion of might
 e - 5 potions of haste
 f - 3 potions of attraction
 h - 10 potions of curing {unknown}
 k - a potion of lignification {unknown}
 m - a potion of heal wounds {unknown}
 n - a potion of magic {unknown}
 q - 2 potions of brilliance {unknown}
 r - a potion of flight {unknown}
 u - 2 potions of degeneration {unknown}
 v - a potion of cancellation {unknown}


   Skills:
 + Level 5.0(5.4) Fighting
 + Level 7.5 Axes
 + Level 6.3 Armour
 + Level 0.3 Dodging
 + Level 0.2 Stealth
 + Level 5.1 Shields


You had 6 spell levels left.
You didn't know any spells.
Your spell library contained the following spells:

 Spells                   Type           Power      Damage    Failure   Level
 Magic Dart               Conj           0%         1d3       100%        1
 Call Imp                 Summ           0%         N/A       100%        2
 Mephitic Cloud           Conj/Pois/Air  0%         N/A       100%        3
 Summon Guardian Golem    Hex/Summ       0%         N/A       100%        3
 Orb of Destruction       Conj           0%         9d5       100%        7
 Spellforged Servitor     Conj/Summ      0%         N/A       100%        7


Dungeon Overview and Level Annotations

Branches:
Dungeon (6/15)             Temple (0/1) D:5

Altars:
Ashenzari
Dithmenos
Fedhas
Hepliaklqana
Okawaru
Trog
Yredelemnul

Shops:
D:2 [   D:4 *

Annotations:
D:6 Prince Ribbit


Innate Abilities, Weirdness & Mutations

You have a pair of horns on your head.
You reflexively headbutt those who attack you in melee.


Message History

Prince Ribbit blinks!
You slash Prince Ribbit!
Prince Ribbit is almost dead.
Prince Ribbit hits you. x2
You closely miss Prince Ribbit. Your headbutt misses Prince Ribbit.
Prince Ribbit is almost dead.
Prince Ribbit lets out a mournful croak.
Prince Ribbit barely misses you.
You barely miss Prince Ribbit.
Prince Ribbit is almost dead.
You block Prince Ribbit's attack.
Prince Ribbit blinks!
Prince Ribbit hits you!
You hit Prince Ribbit.
Prince Ribbit is almost dead.
Prince Ribbit hits you but does no damage.
You hit Prince Ribbit. You headbutt Prince Ribbit.
Prince Ribbit is almost dead.
Prince Ribbit lets out a mournful croak.
Prince Ribbit blinks!
Prince Ribbit hits you!
* * * LOW HITPOINT WARNING * * *
Prince Ribbit blinks! x2
Found a war axe.
Prince Ribbit blinks!
You feel very mighty all of a sudden.
Prince Ribbit croaks regally.
Prince Ribbit hits you.
* * * LOW HITPOINT WARNING * * *
Prince Ribbit blinks!
You barely miss Prince Ribbit.
Prince Ribbit is almost dead.
You block Prince Ribbit's attack.
You miss Prince Ribbit. Your headbutt misses Prince Ribbit.
Prince Ribbit is almost dead.
Prince Ribbit hits you.
* * * LOW HITPOINT WARNING * * *
You block Prince Ribbit's attack.
You barely miss Prince Ribbit. Your headbutt misses Prince Ribbit.
Prince Ribbit is almost dead.
Prince Ribbit hits you!
You die...

.##############
.......@F....)#
.###.##.#####.#
#.# #.# #.##.#
..##.# #.##.#
#.##.# #.##.#


You could see Prince Ribbit.

Vanquished Creatures
  A water moccasin (D:5)
  An ogre (D:4)
  A necrophage (D:4)
  2 scorpions (D:5)
  A jelly (D:4)
  3 orc priests (D:3)
  Crazy Yiuf (D:2)
  Jessica (D:2)
  Terence (D:2)
  3 iguanas
  7 adders
  2 worms (D:4)
  2 dart slugs
  7 orcs
  6 ball pythons
  4 bats
  6 endoplasms
  6 giant cockroaches
  5 hobgoblins
  6 jackals
  3 quokkas
  A frilled lizard (D:2)
  10 goblins
  6 kobolds
  7 rats
93 creatures vanquished.

Notes
Turn   | Place    | Note
-------+----------+-------------------------------------------
     0 | D:1      | Jortsu the Minotaur Fighter began the quest for the Orb.
     0 | D:1      | Reached XP level 1. HP: 19/19 MP: 0/0
   208 | D:1      | Reached XP level 2. HP: 27/27 MP: 1/1
   725 | D:2      | Found Arimo's Antique Armour Emporium.
   834 | D:2      | Reached XP level 3. HP: 28/33 MP: 2/2
   895 | D:2      | Found a faded altar of an unknown god.
   897 | D:2      | Noticed Jessica
   904 | D:2      | Killed Jessica
   905 | D:2      | Reached skill level 3 in Axes
   924 | D:2      | Prayed at the altar of an unknown god.
   924 | D:2      | Became a worshipper of Ashenzari the Shackled
   934 | D:2      | Noticed Terence
   946 | D:2      | Killed Terence
   947 | D:2      | Reached XP level 4. HP: 40/40 MP: 3/3
  1267 | D:2      | Found a runed translucent door.
  1268 | D:2      | Noticed Crazy Yiuf
  1274 | D:2      | Killed Crazy Yiuf
  1275 | D:2      | Reached skill level 4 in Axes
  1666 | D:2      | Reached XP level 5. HP: 47/47 MP: 4/4
  1817 | D:3      | Found a bloodstained altar of Trog.
  1829 | D:3      | Reached skill level 5 in Armour
  2182 | D:3      | Identified the +3 robe "Fairair" {Regen+ MP+9 Slay+2}
  2200 | D:3      | Found a hazy altar of Hepliaklqana.
  2221 | D:3      | Reached skill level 5 in Axes
  2375 | D:3      | Reached XP level 6. HP: 53/53 MP: 5/5
  2883 | D:4      | Found Ajiany Haos's Assorted Antiques.
  2884 | D:4      | Found an iron altar of Okawaru.
  2894 | D:4      | Bought a scroll labelled SAIHAM UCROEFU for 23 gold pieces
  3275 | D:4      | Reached skill level 6 in Axes
  4042 | D:5      | Entered Level 5 of the Dungeon
  4126 | D:5      | Reached XP level 7. HP: 46/61 MP: 6/6
  4312 | D:5      | Reached skill level 5 in Shields
  4370 | D:5      | Reached skill level 7 in Axes
  4520 | D:5      | Found a staircase to the Ecumenical Temple.
  4723 | D:5      | Found a basalt altar of Yredelemnul.
  4833 | D:5      | Found a blossoming altar of Fedhas.
  4847 | D:5      | Reached skill level 5 in Fighting
  5015 | D:5      | Identified a scroll of acquirement
  5015 | D:5      | Acquired 1206 gold pieces
  5195 | D:6      | Found a shadowy altar of Dithmenos.
  5250 | D:6      | Noticed Prince Ribbit
  5274 | D:6      | Slain by Prince Ribbit

Illustrated notes

Levels and vault maps discovered:
D:1:      dpeg_arrival_round_b, layout_loops_cross
D:2:      layout_basic, shapermc_ecumenical_altar_starsandcircs, serial_shops,
          shop, minmay_tree_intersection, minmay_worlds_worst_comb,
          uniq_crazy_yiuf_cottage, uniq_jessica, uniq_terence
D:3:      layout_basic, amcnicky_altar_gilded, mainiacjoe_overflow_cross_hatched
D:4:      layout_loops_corners, mainiacjoe_overflow_boulevard, serial_shops,
          shop, kennysheep_opposing_triangles
D:5:      layout_cave_pods, fedhas_altar_3, mainiacjoe_overflow_catwalk,
          temple_hall
D:6:      layout_loops_ring, mainiacjoe_overflow_24_doors,
          nicolae_ru_awakened_eye, uniq_sigmund, uniq_prince_ribbit1

Skill      XL: |  1  2  3  4  5  6  7 |
---------------+----------------------+-----
Armour         | 4 5 6 |  6.3
Fighting       | 4 5 |  5.0
Axes           | 3 4 5 6 7 |  7.5
Shields        | 4 5 |  5.1
Dodging        | |  0.3
Stealth        | |  0.2

Action                   |  1- 3 |  4- 6 |  7- 9 || total
-------------------------+-------+-------+-------++-------
Melee: War axe           |    58 |   125 |    47 ||   230
       Headbutt          |     8 |    20 |     8 ||    36
Invok: Curse Item        |       |     1 |       ||     1
  Use: Scroll            |     3 |     7 |     2 ||    12
       Potion            |       |       |     1 ||     1
Armor: Scale mail        |    32 |       |       ||    32
       Plate armour      |    25 |    72 |    21 ||   118
Dodge: Dodged            |    24 |    43 |    10 ||    77
Block: Buckler           |    15 |    40 |    15 ||    70

Table legend: (Time is in decaauts)
 A = Elapsed time spent in this place.
 B = Non-inter-level travel time spent in this place.
 C = Inter-level travel time spent in this place.
 D = Time resting spent in this place.
 E = Time spent auto-exploring this place.
 F = Levels seen in this place.
 G = Mean time per level.
                   A        B        C        D        E       F      G
               +--------+--------+--------+--------+--------+-----+--------+
         Total |   5342 |   5216 |    126 |   1261 |   2879 |   6 |  890.3 |
       Dungeon |   5342 |   5216 |    126 |   1261 |   2879 |   6 |  890.3 |
               +--------+--------+--------+--------+--------+-----+--------+

Top non-repeatable levels by time:
     D:4: 1322 daAuts
     D:2: 1310 daAuts
     D:5: 1137 daAuts
     D:3: 796 daAuts
     D:1: 672 daAuts
     D:6: 104 daAuts
